 Dungeon Crawl Stone Soup version 0.29.1-2-gbd0b4ee654 (webtiles) character file.

Game seed: 9695512338166190944

97 Doomgape the Conjurer (level 4, 33/33 HPs)
             Began as a Draconian Conjurer on Oct 13, 2022.
             Quit the game on level 3 of the Dungeon on Oct 23, 2022.
             The game lasted 00:06:32 (2757 turns).

Doomgape the Conjurer (Draconian Conjurer)          Turns: 2757, Time: 00:06:32

Health: 33/33      AC:  9    Str: 16    XL:     4   Next: 42%
Magic:  7/7        EV: 12    Int: 20    God:
Gold:   100        SH:  0    Dex:  9    Spells: 4/7 levels left

rFire   . . .      SeeInvis .   (no weapon)
rCold   . . .      Faith    .   (no shield)
rNeg    . . .      Spirit   .   (body armour unavailable)
rPois   .          Reflect  .   (helmet restricted)
rElec   .          Harm     .   (no cloak)
rCorr   .          Rampage  .   (no gloves)
Will    .....                   (no boots)
Stlth   ++........              (no amulet)
HPRegen 0.11/turn               d - +6 ring of strength
MPRegen 0.10/turn               i - +4 ring of protection

@: no status effects
A: AC +5, unfitting armour, cold-blooded
a: no special abilities


You were on level 3 of the Dungeon.
You visited 1 branch of the dungeon, and saw 3 of its levels.

You collected 100 gold pieces.

Inventory:

Jewellery
 d - a +6 ring of strength (left hand)
 i - a +4 ring of protection (right hand)
Scrolls
 j - 2 scrolls of identify
Potions
 a - a potion of magic
 b - 2 potions of cancellation
 c - 4 potions of resistance {unknown}
 e - a potion of flight {unknown}
 f - 2 potions of brilliance {unknown}
 g - a potion of lignification {unknown}
 h - a potion of degeneration {unknown}
 k - a potion of invisibility {unknown}
 l - a potion of heal wounds {unknown}


   Skills:
 - Level 1.7 Dodging
 - Level 1.7 Stealth
 - Level 2.0 Spellcasting
 + Level 5.9 Conjurations


You had 4 spell levels left.
You knew the following spells:

 Your Spells              Type           Power      Damage    Failure   Level
a - Magic Dart            Conj           100%       1d8       1%          1
b - Searing Ray           Conj           50%        2d6       1%          2

Your spell library contained the following spells:

 Spells                   Type           Power      Damage    Failure   Level
 Dazzling Flash           Conj/Hex       26%        N/A       14%         3
 Sting                    Tmut/Pois      8%         1d3       16%         1
 Poisonous Vapours        Pois/Air       4%         N/A       24%         2
 Fulminant Prism          Conj/Hex       6%         3d7       43%         4
 Iskenderun's Mystic Bla  Conj/Tloc      13%        2d5       43%         4
 Olgreb's Toxic Radiance  Pois           2%         N/A       83%         4


Dungeon Overview and Level Annotations

Branches:
Dungeon (3/15)

Altars:

Shops:
D:1 ?


Innate Abilities, Weirdness & Mutations

Your plain brown scales are hard. (AC +5)
You cannot fit into any form of body armour.
You are cold-blooded and may be slowed by cold attacks.


Message History

Confirm with . or Enter, or press ? or * to list all spells.
Aiming: Searing Ray (safe; 2% risk of failure)
Press: ? - help, Shift-Dir - straight line, f - hound
Aim: a hound (71% to hit)
The searing ray hits the hound.
The hound is lightly wounded. (Press . to maintain the ray.)
The searing ray hits the hound.
The hound is heavily wounded.
The hound bites you.
The searing ray hits the hound!
You kill the hound!
You have reached level 4!
You feel stronger.
Unknown command.
HP restored.
An adder comes into view.
The adder hisses angrily.
Casting: Searing Ray (safe; 2% risk of failure)
Confirm with . or Enter, or press ? or * to list all spells.
You can't see any susceptible monsters within range! (Use Z to cast anyway.)
Casting: Searing Ray (safe; 2% risk of failure)
Confirm with . or Enter, or press ? or * to list all spells.
Aiming: Searing Ray (safe; 2% risk of failure)
Press: ? - help, Shift-Dir - straight line, f - adder
Aim: an adder (66% to hit)
The searing ray misses the adder. (Press . to maintain the ray.)
The searing ray hits the adder!
The adder is severely wounded.
The searing ray hits the adder!
You kill the adder!
Found a stone staircase leading up.
j - 2 scrolls of identify (gained 1)
Found a stone staircase leading up.
Found a leather armour.
Found a stone staircase leading down.
l - a red potion Welcome back, Doomgape the Draconian Conjurer.
Press ? for a list of commands and other information.
Are you sure you want to abandon this character and quit the game? (Confirm with "yes".)

##......##
..........#
♣♣♣.##.###.# .P♣
#..##.#
..P♣###.##.####
P♣♣ ♣.......<..#
####.♣♣♣♣♣♣♣
###........
#.@.♣♣♣♣♣♣♣
#......#.....>.#
..######....[..#
#.......#
#.......#
#########


There were no monsters in sight!

Vanquished Creatures
  A hound (D:3)
  2 adders (D:3)
  A dart slug (D:1)
  3 orcs (D:2)
  3 ball pythons
  6 endoplasms
  3 goblins (D:2)
  3 hobgoblins
  6 jackals
  A kobold (D:3)
  A quokka (D:1)
  3 bats
  4 frilled lizards
  4 rats
41 creatures vanquished.

Notes
Turn   | Place    | Note
-------+----------+-------------------------------------------
     0 | D:1      | Doomgape the Draconian Conjurer began the quest for the
                  | Orb.
     0 | D:1      | Reached XP level 1. HP: 14/14 MP: 3/3
   263 | D:1      | Found Ucwent's Magic Scroll Shop.
   420 | D:1      | Reached XP level 2. HP: 20/20 MP: 1/5
  1644 | D:2      | Reached skill level 5 in Conjurations
  1647 | D:2      | Reached XP level 3. HP: 26/26 MP: 0/6
  2412 | D:2      | Learned a level 2 spell: Searing Ray
  2633 | D:3      | Reached XP level 4. HP: 30/33 MP: 2/7
  2757 | D:3      | Upgraded the game from 0.29.1-1-gd02db6906a to
                  | 0.29.1-2-gbd0b4ee654
  2757 | D:3      | Quit the game

Illustrated notes

Levels and vault maps discovered:
D:1:      ebering_trefoil_3fold, layout_loops_ring, serial_shops,
          nicolae_lakefront_shop, minmay_statues_item
D:2:      layout_loops_corners
D:3:      layout_rooms, serial_forest, infiniplex_forest_end_2,
          infiniplex_forest_end_double, infiniplex_forest_lined_2,
          infiniplex_forest_straight_3, infiniplex_forest_corner_2,
          infiniplex_forest_end_1, infiniplex_forest_clump_C,
          infiniplex_forest_lined_ring, infiniplex_forest_straight_3

Skill      XL: |  1  2 |
---------------+-------+-----
Conjurations   | 5 |  5.9
Dodging        | |  1.7
Stealth        | |  1.7
Spellcasting   | |  2.0

Action                   |  1- 3 |  4- 6 || total
-------------------------+-------+-------++-------
 Cast: Magic Dart        |    79 |       ||    79
       Searing Ray       |     4 |     1 ||     5
  Use: Scroll            |     4 |       ||     4
Armor: Skin              |    17 |       ||    17
Dodge: Dodged            |    35 |       ||    35
